 Dungeon Crawl Stone Soup version 0.31.0-11-ge490571c62 (webtiles) character file.

Game seed: 17475247550972630827

46 qw the Shooter (level 3, -4/20 HPs)
             Began as a Deep Elf Hunter on Feb 3, 2024.
             Slain by Robin
             ... wielding a +0 spear
              (5 damage)
             ... on level 2 of the Dungeon.
             The game lasted 00:00:03 (868 turns).

qw the Shooter (Deep Elf Hunter)                     Turns: 868, Time: 00:00:04

Health: -4/20      AC:  3    Str: 10    XL:     3   Next: 46%
Magic:  5/5        EV: 12    Int: 13    God:
Gold:   75         SH:  0    Dex: 18    Spells: 2/2 levels left

rFire   . . .        a - +0 shortbow
rCold   . . .        (shield currently unavailable)
rNeg    . . .        c - +0 leather armour
rPois   .            (no helmet)
rElec   .            (no cloak)
rCorr   .            (no gloves)
SInv    .            (no boots)
Will    .....        (no amulet)
Stlth   ++           (no ring)
HPRegen 0.23/turn    (no ring)
MPRegen 0.09/turn

%: no passive effects
@: no status effects
A: no striking features
a: no special abilities


You were on level 2 of the Dungeon.
You visited 1 branch of the dungeon, and saw 2 of its levels.

You collected 75 gold pieces.


   Skills:
 - Level 1.5 Fighting
 + Level 7.0 Ranged Weapons
 - Level 2.4 Dodging
 - Level 1.2 Stealth


You had 2 spell levels left.
You didn't know any spells.
Your spell library was empty.

Inventory:

Hand Weapons
 a - a +0 shortbow (weapon)
Armour
 c - a +0 leather armour (worn)
Potions
 b - a potion of heal wounds {unknown}
 j - a potion of haste {unknown}

Dungeon Overview and Level Annotations

Branches:
Dungeon (2/15)

Altars:

Annotations:
D:2 Robin


Message History

The arrow hits the hobgoblin but does no damage.
Robin throws the goblin at you!
You shoot an arrow. The arrow hits the hobgoblin.
The hobgoblin is lightly wounded.
The goblin barely misses you. The hobgoblin hits you.
You shoot an arrow. The arrow barely misses the hobgoblin.
Robin hits you from afar with a +0 spear.
The hobgoblin closely misses you. The goblin hits you with a +0 dagger.
A goblin comes into view. It is wielding a +0 club.
You shoot an arrow. The goblin shouts!
The arrow hits the hobgoblin!
You kill the hobgoblin!
You hear a shout!
The goblin hits you but does no damage.
A hobgoblin comes into view.
Robin roars a battlecry!
The goblins go into a battle-frenzy!
The hobgoblin shouts!
You shoot an arrow. The arrow closely misses the goblin.
Robin closely misses you. The goblin misses you.
You shoot an arrow. The arrow hits the goblin.
The goblin is moderately wounded.
Robin hits you from afar with a +0 spear.
The goblin hits you but does no damage. Robin barely misses you.
The goblin hits you with a +0 dagger.
You shoot an arrow. The arrow closely misses the goblin.
The goblin hits you with a +0 dagger. Robin hits you but does no damage.
You shoot an arrow.
The arrow hits the goblin but does no damage.
The goblin is moderately wounded.
The goblin hits you but does no damage.
Robin hits you from afar with a +0 spear.
You shoot an arrow. The arrow hits the goblin.
The goblin is severely wounded.
Robin closely misses you. The goblin hits you with a +0 dagger.
You shoot an arrow. The arrow closely misses the goblin.
Robin hits you from afar with a +0 spear.
You die...
Robin calls out, "Let's celebrate!
Time for a feast!"

...#.# #.# #
#..##.######..#...
.....#...........#
........####..#####
.......#...##.##
.......###.>..#
..... ###.######.#.
##### #...#g%ggggg.
#.###@# #.# #.# #.#
#.# #.###.# #.....#
#######


You could see Robin, 2 hobgoblins and 3 goblins.

Vanquished Creatures
  A gnoll (D:1)
  A dart slug (D:1)
  2 bats (D:1)
  3 endoplasms (D:1)
  A giant cockroach (D:1)
  6 goblins
  6 hobgoblins
  A quokka (D:1)
  4 ball pythons (D:1)
  A frilled lizard (D:1)
  3 kobolds (D:1)
  3 rats (D:1)
32 creatures vanquished.

Notes
Turn   | Place    | Note
-------+----------+-------------------------------------------
     0 | D:1      | qw the Deep Elf Hunter began the quest for the Orb.
     0 | D:1      | Reached XP level 1. HP: 12/12 MP: 3/3
     0 | D:1      | 0 ||| qw: Version: 0.3-a-158-g18b3111
     0 | D:1      | 0 ||| qw: Game counter: 4257
     0 | D:1      | 0 ||| qw: Melee chars always use a shield: true
     0 | D:1      | 0 ||| qw: God list: Okawaru
     0 | D:1      | 0 ||| qw: Allow faded altars: false
     0 | D:1      | 0 ||| qw: Do Orc after clearing Dungeon:15 true
     0 | D:1      | 0 ||| qw: Do second Lair branch before Depths: true
     0 | D:1      | 0 ||| qw: Lair rune preference: random
     0 | D:1      | 0 ||| qw: Goals: Normal
     0 | D:1      | 0 ||| PLANNING D:1-11
    42 | D:1      | Reached skill level 6 in Ranged Weapons
    42 | D:1      | Reached XP level 2. HP: 16/16 MP: 4/4
   230 | D:1      | Reached XP level 3. HP: 20/20 MP: 5/5
   763 | D:1      | 763 ||| READING scroll labelled JAZXEE MAUF.
   764 | D:1      | 764 ||| READING scroll labelled RIGREU HE QYTI.
   765 | D:1      | 765 ||| READING scroll labelled HUAJIU VAUM.
   765 | D:1      | 765 ||| IDENTIFYING fizzy blue potion
   766 | D:1      | 766 ||| READING scroll labelled RICLAN ZIREBUA.
   767 | D:1      | 767 ||| READING scroll labelled HYXTUKLESMA.
   768 | D:1      | 768 ||| DROPPING scroll of butterflies.
   770 | D:1      | 770 ||| Stepping ~*~*~tactically~*~*~ (cloud).
   771 | D:1      | 771 ||| DRINKING potion of curing.
   771 | D:1      | 771 ||| (to cure poison)
   855 | D:2      | Noticed Robin
   857 | D:2      | Reached skill level 7 in Ranged Weapons
   867 | D:2      | HP: 1/20 [goblin/+0 dagger[Robin] (5)]
   868 | D:2      | Slain by Robin

Levels and vault maps discovered:
D:1:      hellmonk_arrival_library, layout_basic
D:2:      layout_basic, uniq_robin

Skill      XL: |  1  2  3 |
---------------+----------+-----
Ranged Weapons | 6 7 |  7.0
Fighting       | |  1.5
Dodging        | |  2.4
Stealth        | |  1.2

Action                     || total
---------------------------++-------
   Fire: Shortbow          ||    74
    Use: Scroll            ||     5
         Potion            ||     1
 Armour: Leather armour    ||    22
  Dodge: Dodged            ||    18

Table legend:
 A = Non-vault XP
 B = Vault XP
 C = Vault XP percentage of total XP
 D = Non-vault monster count
 E = Vault monster count
 F = Vault count percentage of total count
                 A         B        C        D         E       F
            +---------+---------+-------+---------+---------+-------
      Total |      58 |       9 |  13.4 |      27 |       5 |  15.6
            +---------+---------+-------+---------+---------+-------
        D:1 |      58 |       0 |   0.0 |      27 |       0 |   0.0
        D:2 |       0 |       9 | 100.0 |       0 |       5 | 100.0
            +---------+---------+-------+---------+---------+-------
